Map: Rhoskallian LE

Players

mcmara

  • Race: Zerg Zerg
  • League: Platinum
  • Spawn Location: 11:00

Zeal

  • Race: Zerg Zerg
  • League: Platinum
  • Spawn Location: 12:00

Massa

  • Race: Terran Terran
  • League: Platinum
  • Spawn Location: 5:00

qqq

  • Race: Zerg Zerg
  • League: Platinum
  • Spawn Location: 6:00

VOD

Have the link to the VOD?

Description

Time

  • Played on: Sept. 24, 2020, 3:35 p.m.
  • Length: 19:49
Show
View Real Time Build Order
Export as new Build Order

mcmara Zerg 

Build Orders: Pool First 

Get SALT Encoding   

  12  0:01  Drone  
  13  0:11  Drone  
  14  0:17  Overlord  
  14  0:37  Drone x3  
  17  0:52  Spawning Pool  
  17  0:53  Drone  
  17  1:00  Extractor, Drone  
  17  1:23  Drone  
  17  1:24  Drone, Hatchery  
  18  1:32  Drone  
  19  1:42  Overlord  
  19  1:48  Queen  
  19  1:52  Zergling x2  
  22  2:05  Zergling x2  
  23  2:14  Zergling x2  
  24  2:18  Metabolic Boost  
  24  2:24  Queen  
  26  2:45  Queen  
  26  2:47  Drone x5  
  33  3:03  Drone x2  
  35  3:12  Lair  
  35  3:17  Roach Warren  
  35  3:19  Drone x2, Spore Crawler  
  35  3:32  Drone, Overlord  
  35  3:33  Overlord  
  36  3:49  Overlord  
  36  3:54  Drone x3, Extractor  
  38  3:57  Drone  
  38  3:59  Overlord  
  39  4:05  Spore Crawler  
  38  4:23  Roach  
  38  4:24  Roach x4  
  48  4:34  Drone  
  48  4:38  Drone  
  50  4:39  Glial Reconstitution  
  50  4:45  Pneumatized Carapace  
  50  4:47  Roach x2  
  50  4:50  Drone  
  55  4:59  Overlord x2  
  55  5:06  Roach  
  54  5:20  Roach  
  54  5:21  Roach x5  
  64  5:31  Roach  
  64  5:34  Drone  
  57  5:49  Roach  
  61  5:50  Roach x2  
  61  5:58  Drone x2  
  61  6:03  Roach  
  71  6:04  Roach x3  
  71  6:05  Roach x2  
  75  6:16  Drone  
  75  6:17  Drone x2  
  78  6:19  Extractor  
  78  6:20  Drone, Extractor  
  78  6:24  Overseer  
  77  6:31  Drone x2  
  79  6:35  Evolution Chamber  
  79  6:38  Evolution Chamber  
  77  6:41  Roach  
  77  6:42  Roach x2  
  77  6:43  Overlord x2  
  84  6:47  Drone  
  84  6:49  Overlord  
  84  7:08  Spire  
  83  7:09  Roach  
  85  7:17  Queen x2  
  89  7:38  Drone  
  89  7:39  Drone x9  
  99  7:52  Roach  
  99  7:53  Roach  
  103  8:00  Hatchery  
  102  8:07  Roach  
  102  8:08  Roach x2  
  102  8:10  Overlord  
  102  8:11  Overlord x3  
  108  8:13  Zerg Missile Weapons Level 1  
  108  8:14  Zerg Ground Armor Level 1  
  108  8:32  Ravager x3  
  111  8:38  Zergling x18  
  120  9:02  Overlord x4  
  121  9:17  Drone x5  
  125  9:28  Overlord  
  125  9:34  Ravager x7  
  125  9:35  Ravager  
  133  9:43  Drone x4  
  137  9:59  Extractor  
  136  10:00  Extractor, Roach  
  136  10:01  Roach x11  
  159  10:09  Zerg Missile Weapons Level 2  
  159  10:21  Zergling x2  
  159  10:22  Zergling x10  
  165  10:48  Drone x8  
  165  10:49  Overlord x3  
  173  11:04  Hatchery  
  173  11:10  Hydralisk Den  
  171  11:12  Corruptor  
  171  11:13  Corruptor x7  
  171  11:16  Zergling x2  
  171  11:17  Zergling x4  
  171  11:18  Overlord x4  
  191  11:50  Corruptor  
  191  11:51  Corruptor x3  
  197  12:10  Corruptor  
  198  12:24  Corruptor  
  186  12:49  Corruptor x9  
  161  13:14  Roach x9  
  173  13:22  Roach x3  
  173  13:25  Zerg Ground Armor Level 2  
  175  13:39  Roach x2  
  175  13:40  Roach  
  165  14:09  Roach x6  
  180  14:10  Roach x3  
  156  14:27  Roach x2  
  156  14:28  Roach  
  148  14:41  Roach  
  148  14:42  Roach x2  
  140  14:55  Roach x6  
  146  15:17  Hatchery x2  
  146  15:19  Infestation Pit  
  146  15:20  Hatchery  
  130  15:37  Roach  
  130  15:38  Roach x11  
  136  15:56  Roach  
  126  15:57  Roach x4  
  134  16:11  Roach x2  
  134  16:12  Roach x2  
  134  16:15  Hive  
  134  16:18  Roach x2  
  135  16:33  Roach  
  135  16:34  Roach x10  
  136  16:43  Queen x3  
  136  16:44  Queen x2  
  136  16:47  Roach  
  136  16:48  Roach x10  
  157  16:58  Ravager x4  
  157  16:59  Ravager  
  157  17:00  Ravager  
  163  17:01  Roach  
  163  17:02  Roach x2  
  163  17:03  Drone x2, Roach x2  
  175  17:19  Queen x2  
  179  17:36  Drone  
  180  17:37  Drone x12  
  180  17:38  Drone  
  193  17:46  Roach  
  193  17:47  Roach  
  197  18:01  Drone x3  
  172  18:35  Drone x5  
  165  18:42  Roach x11  
  165  18:43  Roach  
  187  18:53  Roach x3  
  191  18:56  Roach  
  191  18:59  Roach  
  189  19:17  Roach  
  189  19:18  Roach x4  
Show
View Real Time Build Order
Export as new Build Order

Zeal Zerg 

Build Orders: Hatch First, Swarm Host 

Get SALT Encoding   

  12  0:00  Drone  
  13  0:13  Overlord  
  13  0:18  Drone  
  14  0:32  Drone x2  
  17  0:35  Drone  
  17  0:47  Drone  
  18  0:58  Hatchery  
  18  1:02  Extractor  
  18  1:03  Drone  
  17  1:09  Drone  
  18  1:19  Spawning Pool  
  18  1:23  Drone  
  18  1:28  Drone  
  19  1:40  Overlord  
  19  2:05  Queen  
  19  2:07  Zergling x4  
  23  2:10  Queen  
  23  2:11  Drone  
  23  2:12  Drone  
  23  2:14  Metabolic Boost  
  27  2:22  Zergling x4  
  29  2:33  Spine Crawler  
  29  2:34  Zergling x4  
  30  2:58  Drone  
  31  2:59  Drone x3  
  34  3:09  Queen  
  36  3:16  Overlord  
  36  3:24  Hatchery  
  35  3:28  Drone  
  35  3:29  Overlord x2  
  36  3:38  Drone  
  36  3:39  Drone x4  
  41  3:55  Zergling x6  
  42  3:56  Zergling x2  
  45  4:07  Overlord  
  45  4:12  Baneling Nest  
  43  4:26  Zergling x2  
  43  4:27  Zergling x16  
  52  4:31  Queen  
  52  4:36  Extractor  
  53  4:41  Extractor  
  53  4:42  Overlord  
  53  4:43  Zergling x10  
  50  5:03  Baneling x3  
  50  5:04  Baneling x3  
  50  5:05  Zergling x2  
  50  5:06  Zergling x16  
  50  5:14  Baneling  
  50  5:15  Zergling x2  
  50  5:16  Zergling x4  
  43  5:29  Zergling x6  
  43  5:30  Zergling x4  
  40  5:37  Extractor, Zergling x4  
  40  5:38  Zergling x2  
  42  5:46  Baneling  
  42  5:47  Baneling x4  
  42  5:54  Overlord  
  42  5:55  Zergling x4  
  44  6:01  Drone  
  44  6:04  Drone  
  46  6:09  Drone x2  
  48  6:15  Drone  
  48  6:16  Drone  
  48  6:17  Drone  
  51  6:22  Drone  
  52  6:28  Drone x3  
  55  6:36  Drone x2  
  57  6:40  Baneling x2  
  57  6:41  Baneling x2  
  57  6:43  Drone  
  57  6:44  Drone  
  59  6:49  Drone x2  
  59  6:50  Drone  
  62  6:56  Lair  
  62  7:02  Drone x2  
  62  7:03  Drone  
  62  7:07  Spore Crawler  
  64  7:18  Drone  
  64  7:19  Drone x2  
  67  7:23  Drone, Spine Crawler  
  67  7:25  Spine Crawler  
  67  7:26  Spine Crawler  
  67  7:27  Drone x2  
  67  7:31  Burrow  
  67  7:45  Drone, Evolution Chamber  
  67  7:46  Drone  
  67  7:47  Drone x2, Evolution Chamber  
  67  7:49  Spore Crawler  
  68  7:58  Drone, Spine Crawler  
  69  7:59  Drone x5  
  69  8:01  Overlord  
  73  8:08  Centrifical Hooks  
  73  8:12  Zerg Melee Weapons Level 1  
  73  8:14  Zerg Ground Armor Level 1  
  73  8:18  Drone x3  
  76  8:27  Zergling x2  
  76  8:28  Zergling x8  
  81  8:36  Drone, Infestation Pit  
  81  8:37  Drone x4  
  81  8:39  Extractor  
  81  8:40  Extractor  
  83  8:42  Pneumatized Carapace  
  83  8:46  Drone x3  
  86  8:50  Baneling x2  
  86  8:51  Baneling x12  
  86  8:52  Baneling  
  86  9:11  Zergling x2  
  86  9:12  Zergling x4  
  86  9:13  Overlord x2  
  86  9:14  Overlord x2  
  89  9:25  Spire  
  89  9:26  Spore Crawler  
  89  9:27  Drone x2  
  89  9:30  Overlord x2  
  89  9:33  Drone  
  89  9:37  Baneling  
  89  9:38  Baneling  
  93  9:39  Overseer  
  93  9:48  Queen  
  95  10:08  Swarm Host  
  95  10:09  Swarm Host x3  
  95  10:10  Swarm Host x2  
  95  10:11  Overlord x3  
  95  10:12  Overlord  
  128  10:18  Zerg Ground Armor Level 2  
  128  10:19  Zerg Melee Weapons Level 2  
  128  10:22  Hive  
  125  10:42  Mutalisk x4, Overlord x2  
  133  10:51  Swarm Host x2  
  138  11:04  Mutalisk x2  
  138  11:06  Mutalisk  
  144  11:13  Corruptor  
  144  11:16  Spore Crawler  
  145  11:27  Zerg Flyer Armor Level 1  
  145  11:41  Corruptor, Overlord  
  145  11:42  Corruptor x2  
  151  11:52  Spore Crawler  
  151  11:54  Spore Crawler  
  149  12:00  Spawning Pool  
  148  12:21  Corruptor  
  148  12:22  Corruptor x5  
  129  12:53  Mutalisk x5  
  129  12:54  Mutalisk  
  138  13:06  Infestor  
  138  13:07  Zergling x2  
  138  13:08  Zergling x4  
  136  13:20  Swarm Host  
  136  13:25  Zergling x14  
  152  13:34  Adrenal Glands  
  144  13:43  Corruptor  
  144  13:44  Mutalisk  
  144  13:45  Zergling x6  
  139  13:58  Zergling x2  
  139  13:59  Zergling x6  
  134  14:10  Zerg Melee Weapons Level 3  
  134  14:12  Zergling x18  
  137  14:33  Corruptor x3  
  137  14:34  Corruptor x2  
  144  14:50  Zergling x20  
  142  15:12  Zergling x2  
  142  15:13  Zergling x10  
  139  15:22  Hatchery  
  139  15:25  Zerg Ground Armor Level 3  
  117  15:40  Zergling x2  
  117  15:41  Zergling x12  
  117  15:42  Hatchery  
  114  15:59  Mutalisk  
  114  16:00  Mutalisk x7  
  114  16:01  Mutalisk x4  
  121  16:31  Mutalisk x5  
  119  16:35  Mutalisk  
  108  16:40  Mutalisk  
  108  16:46  Mutalisk  
  108  17:01  Zergling x4  
  108  17:02  Zergling x20  
  99  17:40  Ultralisk Cavern  
  99  17:42  Mutalisk x3  
  99  17:43  Zergling x8  
  99  17:44  Zergling x8  
  105  18:19  Hatchery  
  103  18:20  Baneling x2  
  103  18:23  Mutalisk x8  
  103  18:26  Zergling x4  
  103  18:27  Zergling x8  
  125  18:39  Mutalisk  
  125  18:40  Zergling x4  
  123  18:49  Zergling x6  
  123  18:53  Anabolic Synthesis  
  124  19:03  Mutalisk x2  
  127  19:17  Zergling x14  
  117  19:49  Extractor  
Show
View Real Time Build Order
Export as new Build Order

Massa Terran 

Build Orders:  

Get SALT Encoding   

  12  0:00  SCV  
  13  0:12  SCV  
  14  0:18  Supply Depot  
  14  0:24  SCV  
  15  0:39  SCV  
  15  0:40  Barracks  
  16  0:48  Refinery  
  16  0:52  SCV  
  17  1:04  SCV  
  18  1:16  SCV  
  19  1:28  SCV  
  20  1:35  Reaper  
  21  1:42  Orbital Command  
  21  1:50  Command Center  
  21  2:06  Marine  
  22  2:08  SCV  
  22  2:14  Factory  
  23  2:30  Supply Depot  
  23  2:31  Barracks Reactor  
  23  2:34  Supply Depot  
  23  2:52  SCV  
  24  3:04  SCV  
  24  3:05  SCV  
  26  3:11  Starport  
  26  3:16  SCV  
  26  3:18  Hellion x2  
  32  3:23  Orbital Command  
  31  3:28  SCV  
  31  3:30  Marine  
  33  3:40  Hellion x2  
  37  3:42  Command Center  
  37  3:48  Marine  
  37  4:01  SCV x2  
  39  4:05  Marine  
  39  4:08  Engineering Bay  
  40  4:10  Hellion  
  40  4:11  Hellion  
  40  4:13  SCV x2  
  46  4:25  SCV x2  
  48  4:32  Hellion x2  
  52  5:13  SCV  
  53  5:14  SCV  
  53  5:17  Orbital Command  
  52  5:26  SCV x2  
  50  5:38  SCV x2  
  52  5:50  SCV x2  
  54  6:01  Barracks x2  
  54  6:02  SCV  
  54  6:03  SCV, Barracks  
  56  6:08  Refinery, Terran Infantry Weapons Level 1  
  56  6:11  Engineering Bay  
  56  6:13  Armory  
  56  6:15  Barracks  
  56  6:16  Barracks, Armory  
  56  6:18  Barracks  
  56  6:26  SCV  
  56  6:27  SCV x2  
  59  6:38  Barracks Tech Lab, SCV  
  59  6:39  SCV  
  61  6:41  Medivac  
  63  6:54  Terran Infantry Armor Level 1  
  63  6:55  Barracks  
  63  6:56  Factory Tech Lab, Barracks Tech Lab  
  63  7:10  Refinery  
  63  7:11  Viking  
  65  7:27  Marauder x2  
  69  7:33  Barracks Reactor  
  69  7:35  Orbital Command  
  69  7:40  Supply Depot  
  69  7:41  Supply Depot  
  69  7:44  Supply Depot  
  69  7:45  Supply Depot x2  
  69  7:46  Supply Depot  
  69  7:54  Marauder x2, Marine x2, Siege Tank  
  69  7:57  Missile Turret  
  78  8:04  Missile Turret  
  78  8:05  Missile Turret x2  
  78  8:06  Supply Depot x2  
  78  8:07  Refinery, Missile Turret  
  78  8:08  Terran Infantry Weapons Level 2, Missile Turret  
  78  8:09  Supply Depot x2  
  78  8:12  SCV x2, Marine x2  
  82  8:13  SCV  
  82  8:15  Marine  
  82  8:16  Marauder  
  86  8:21  Missile Turret  
  86  8:24  SCV x2  
  86  8:25  SCV  
  89  8:29  Marine, Supply Depot  
  89  8:31  Supply Depot  
  89  8:32  Refinery  
  89  8:33  Marine  
  92  8:37  Marine  
  92  8:40  Refinery  
  93  8:41  Marine  
  93  8:42  Marine, Missile Turret  
  93  8:45  Barracks Reactor  
  93  8:47  Marine  
  95  8:51  Marine  
  95  8:54  Marine, Medivac, Supply Depot  
  99  8:59  Marine  
  99  9:00  Marine  
  101  9:05  Marine, Missile Turret  
  101  9:09  Marauder  
  104  9:13  Marauder  
  106  9:17  Marine  
  106  9:19  Missile Turret  
  106  9:21  Missile Turret  
  106  9:22  SCV x2, Missile Turret  
  106  9:23  SCV  
  110  9:24  Medivac  
  110  9:28  Marine x3  
  110  9:31  Marauder  
  118  9:33  Stimpack  
  118  9:34  SCV x2, Marauder  
  118  9:35  SCV, Marine, Barracks Tech Lab  
  124  9:38  Combat Shield  
  124  9:42  Barracks Reactor, Missile Turret  
  124  9:43  Missile Turret, Terran Vehicle Weapons Level 1  
  124  9:44  Terran Infantry Armor Level 2, Missile Turret  
  123  9:46  Marine x3  
  123  9:50  Terran Vehicle And Ship Armor Level 1  
  123  9:52  Marauder  
  128  9:53  Marine  
  128  9:55  Marauder  
  131  10:03  Marine x2  
  131  10:04  Marine  
  134  10:10  Marine  
  134  10:13  Marauder  
  137  10:16  Marauder, Marine  
  137  10:17  Marine  
  141  10:21  Marine x2  
  141  10:22  Widow Mine  
  146  10:28  SCV x3  
  146  10:35  Marauder x2  
  152  10:36  Terran Infantry Weapons Level 3  
  152  10:37  Marauder  
  152  10:40  SCV x2  
  156  10:44  Widow Mine  
  156  10:47  Medivac  
  156  10:49  Smart Servos  
  160  10:56  Starport, Marauder x2  
  164  10:57  Concussive Shells  
  164  10:59  Marauder  
  166  11:05  Widow Mine  
  168  11:17  Marauder x2, Medivac  
  174  11:20  Marauder  
  176  11:27  Thor  
  182  11:41  Factory  
  182  11:46  Factory  
  188  12:30  Factory Tech Lab  
  188  12:31  Factory Tech Lab  
  103  13:15  Marauder x3, Marine  
  103  13:16  Marine x5  
  115  13:24  Starport Reactor, Medivac  
  117  13:28  Thor x3  
  117  13:33  Marine  
  136  13:34  Marine x5  
  136  13:36  Marauder  
  136  13:37  Marauder x2  
  115  13:51  Marine  
  115  13:52  Marine x5  
  115  13:54  Medivac  
  112  13:58  Marauder x3  
  108  14:09  Marine x3  
  103  14:10  Marine, Thor x3  
  120  14:19  Marauder x2  
  120  14:20  Marauder  
  116  14:24  Medivac  
  116  14:27  Marine  
  114  14:32  Terran Infantry Armor Level 3  
  114  14:35  Marine  
  110  14:41  Barracks, Marauder x3  
  110  14:45  Barracks, Marine  
  108  14:46  Barracks  
  109  14:53  Marine  
  109  15:02  Marauder x3  
  109  15:03  Marine  
  116  15:11  Marine  
  116  15:21  Marine  
  109  15:23  Marauder, Marine  
  109  15:24  Barracks, Marauder  
  109  15:25  Barracks  
  109  15:27  Barracks  
  114  15:28  Marine  
  113  15:39  Marine  
  113  15:42  Marauder  
  116  15:45  Marauder x2  
  116  15:46  Marine  
  119  15:50  Medivac  
  119  15:51  Medivac x2  
  119  15:56  Marine  
  121  16:03  Marauder  
  116  16:04  Marine  
  116  16:05  Marine  
  116  16:06  Marauder  
  119  16:16  Barracks Tech Lab  
  113  16:20  Medivac  
  113  16:21  Medivac x2  
  113  16:24  Marauder x2  
  121  16:28  Marauder  
  123  16:42  Command Center  
  123  16:44  Barracks Tech Lab x2  
  123  16:45  Barracks Reactor, Marauder  
  123  16:46  Marauder  
  127  16:50  Medivac  
  127  16:51  Marauder, Marine  
  127  16:52  Marine  
  133  16:57  Widow Mine  
  135  17:07  Marauder x2  
  139  17:09  Marine  
  139  17:10  Marine  
  139  17:12  Marauder  
  143  17:27  Marine x2  
  143  17:28  Marauder x2  
  149  17:33  Marine  
  150  17:45  Marine x2  
  152  17:54  Missile Turret x2  
  152  18:02  Command Center  
  74  18:42  SCV x3  
  74  18:44  Marine x2  
  74  18:45  Marauder, Marine  
  76  18:54  SCV x3  
Show
View Real Time Build Order
Export as new Build Order

qqq Zerg 

Build Orders: Hatch First 

Get SALT Encoding   

  12  0:05  Drone  
  13  0:10  Drone  
  14  0:40  Hatchery  
  13  0:56  Spawning Pool  
  12  0:59  Drone  
  13  1:06  Overlord  
  13  1:08  Drone  
  14  1:12  Extractor  
  14  1:16  Drone  
  14  1:26  Drone  
  15  1:35  Drone  
  16  1:42  Drone  
  17  1:49  Queen  
  17  1:52  Drone  
  17  1:54  Drone  
  21  2:05  Drone  
  21  2:07  Drone  
  23  2:18  Drone  
  23  2:21  Drone  
  25  2:27  Spine Crawler  
  25  2:29  Drone  
  26  2:37  Extractor  
  26  2:40  Zergling x4  
  26  2:41  Metabolic Boost  
  26  2:44  Drone  
  28  2:53  Overlord  
  28  2:54  Overlord  
  28  3:09  Drone, Roach Warren  
  28  3:10  Queen, Overlord  
  30  3:13  Drone x2  
  30  3:16  Zergling x2  
  30  3:18  Zergling x2  
  34  3:20  Zergling x2  
  35  3:29  Zergling x2  
  35  3:31  Zergling x4  
  38  3:37  Zergling x2  
  39  3:42  Zergling x2  
  39  3:46  Baneling Nest  
  39  3:47  Zergling x6  
  42  3:48  Drone  
  43  4:01  Roach  
  43  4:02  Lair  
  45  4:08  Drone  
  46  4:13  Drone, Zergling x2  
  46  4:14  Zergling x6  
  51  4:26  Zergling x2  
  51  4:28  Overlord  
  51  4:29  Overlord  
  50  5:04  Roach  
  50  5:05  Zergling x6, Roach x2  
  56  5:11  Baneling x3  
  51  5:24  Roach  
  51  5:25  Drone  
  50  5:35  Roach  
  46  5:36  Roach  
  46  5:39  Glial Reconstitution  
  49  5:50  Drone x2, Zergling x4  
  49  5:55  Baneling x2  
  49  5:56  Baneling  
  52  5:57  Hatchery  
  52  6:03  Hatchery  
  50  6:06  Extractor, Drone  
  50  6:08  Drone x3  
  50  6:09  Drone  
  54  6:11  Drone x2  
  54  6:13  Hatchery  
  54  6:15  Roach  
  57  6:32  Spore Crawler  
  56  6:34  Spore Crawler  
  56  6:35  Drone x3  
  56  6:37  Drone x2  
  56  6:38  Roach  
  62  6:43  Roach  
  62  6:44  Roach  
  62  6:45  Drone  
  62  6:46  Overlord  
  67  6:55  Overlord  
  67  7:01  Extractor  
  66  7:20  Roach x3  
  66  7:21  Roach  
  66  7:22  Roach x5  
  86  7:23  Drone x2, Roach  
  86  7:24  Drone  
  89  7:32  Zergling x2  
  89  7:34  Drone x3  
  89  7:35  Overlord  
  89  7:36  Drone  
  94  7:46  Queen  
  96  7:59  Spire  
  96  8:04  Drone x6  
  96  8:05  Drone x2, Evolution Chamber, Overlord  
  102  8:07  Zergling x2  
  102  8:09  Zergling x2  
  102  8:10  Zergling x2  
  105  8:15  Drone  
  105  8:17  Spine Crawler  
  105  8:19  Spine Crawler  
  104  8:20  Drone  
  104  8:22  Drone  
  106  8:27  Roach  
  106  8:28  Roach x2  
  106  8:29  Drone  
  113  8:35  Extractor  
  113  8:36  Overlord  
  113  8:38  Drone x2  
  113  8:39  Drone x3  
  117  8:51  Drone  
  117  8:55  Roach x2  
  122  8:56  Overlord x2  
  122  8:57  Overlord x2  
  122  9:04  Drone x3  
  122  9:05  Drone  
  122  9:06  Overlord  
  122  9:07  Overlord  
  127  9:17  Drone x2  
  127  9:19  Extractor  
  127  9:20  Spore Crawler  
  127  9:23  Spore Crawler  
  125  9:24  Mutalisk x4  
  125  9:27  Zerg Flyer Weapons Level 1  
  125  9:29  Zerg Melee Weapons Level 1  
  125  9:30  Zergling x2  
  125  9:31  Drone  
  135  9:32  Drone  
  136  9:42  Mutalisk, Spore Crawler  
  136  9:44  Mutalisk  
  139  9:46  Drone x5  
  139  9:47  Drone x2  
  139  9:50  Spore Crawler  
  145  9:54  Mutalisk  
  145  9:56  Drone  
  148  10:01  Extractor  
  147  10:08  Mutalisk  
  147  10:09  Drone  
  147  10:10  Drone x5  
  147  10:13  Extractor x2  
  153  10:15  Extractor x2  
  153  10:18  Mutalisk x2  
  155  10:33  Spine Crawler  
  154  10:42  Hatchery, Mutalisk x3  
  155  10:44  Drone x4  
  155  10:45  Drone x3  
  155  10:49  Hatchery  
  164  11:00  Roach  
  166  11:07  Hydralisk Den  
  166  11:10  Infestation Pit  
  166  11:11  Drone x2  
  166  11:21  Zerg Flyer Armor Level 1  
  166  11:27  Overlord x4  
  166  11:28  Overlord x8  
  166  11:45  Queen  
  166  11:46  Drone x2  
  166  11:47  Drone x7  
  172  11:48  Mutalisk x4  
  185  11:55  Muscular Augments  
  185  11:57  Zerg Ground Armor Level 1  
  185  11:59  Hive  
  185  12:00  Mutalisk  
  187  12:21  Hydralisk x3  
  187  12:22  Mutalisk x3  
  193  12:24  Drone  
  141  13:01  Mutalisk x5  
  141  13:02  Mutalisk, Roach  
  154  13:06  Grooved Spines  
  154  13:10  Mutalisk  
  154  13:11  Drone x2, Mutalisk  
  154  13:12  Drone, Mutalisk x7  
  173  13:25  Mutalisk x3  
  159  13:27  Drone x2, Mutalisk  
  163  13:37  Ultralisk Cavern  
  134  13:41  Hydralisk x3  
  134  13:45  Zergling x8  
  134  13:46  Zergling x8  
  134  13:50  Zerg Melee Weapons Level 2  
  134  13:52  Roach x2  
  134  13:53  Roach x2  
  138  14:00  Drone  
  138  14:01  Drone, Roach  
  138  14:02  Roach x5  
  146  14:03  Roach  
  130  14:15  Roach x3  
  130  14:16  Roach x4  
  134  14:23  Zergling x2, Roach  
  129  14:29  Mutalisk  
  129  14:31  Zergling x6, Roach x2  
  123  14:32  Roach x4  
  123  14:37  Hydralisk  
  125  14:40  Ultralisk x4  
  142  14:46  Hydralisk x2  
  142  14:50  Zergling x4  
  142  14:52  Drone x3  
  144  14:53  Drone  
  150  15:07  Ultralisk x2  
  150  15:11  Anabolic Synthesis  
  150  15:13  Drone  
  150  15:14  Drone  
  146  15:16  Spine Crawler  
  146  15:17  Spine Crawler  
  146  15:21  Roach x3  
  124  15:29  Zergling x4  
  124  15:31  Roach x3  
  126  15:44  Drone x2  
  126  15:45  Drone, Hatchery  
  128  15:50  Spore Crawler  
  128  15:54  Hydralisk  
  128  15:55  Hydralisk  
  128  15:56  Zergling x2  
  132  15:58  Drone  
  102  16:30  Ultralisk  
  102  16:31  Zergling x6  
  102  16:32  Drone  
  100  16:45  Drone x3  
  72  16:59  Drone x3  
  72  17:01  Drone x3  
  78  17:07  Spore Crawler  
  77  17:26  Spore Crawler  
  76  17:33  Hatchery  
  75  17:47  Drone x4  
  75  17:48  Drone x3  
  82  17:55  Zergling x4  
  82  17:56  Zergling x8  
  82  18:29  Zergling x12  
  82  18:30  Hydralisk x2  
  82  18:32  Roach x5  
  72  18:50  Ultralisk  
  72  18:52  Drone x3  
  77  18:57  Spore Crawler x2  
  73  19:07  Spore Crawler  
  64  19:12  Hydralisk x2  
  64  19:14  Drone  
Tags
 
Add a new tag
Caveats
  • Supply blocks, unpowered buildings, or Contaminate may cause inaccurate times.
  • Supply counts are checked every 10 seconds.